 Dungeon Crawl Stone Soup version 0.25.0-9-g26727b657a (webtiles) character file.

Game seed: 2049587432964712838

59871 Esekla the Carver (level 14, -11/99 HPs)
             Began as a Barachi Warper on June 19, 2020.
             Was a High Priest of Vehumet.
             Killed by divine providence
             ... invoked by an orc priest
              (12 damage)
             ... on level 2 of the Orcish Mines.
             The game lasted 04:11:28 (28173 turns).

Esekla the Carver (Barachi Warper)                 Turns: 28173, Time: 04:11:28

Health: -11/99     AC: 16    Str: 14    XL:     14   Next: 96%
Magic:  28/29      EV: 17    Int: 16    God:    Vehumet [*****.]
Gold:   461        SH:  0    Dex: 13    Spells: 5/36 levels left

rFire    + . .     SeeInvis .   z - +4 falchion (freeze)
rCold    . . .     Gourm    .   (no shield)
rNeg     . . .     Faith    .   p - +2 leather armour {rF+}
rPois    .         Spirit   .   x - +0 helmet
rElec    .         Reflect  .   O - +2 cloak {MR+}
rCorr    .         Harm     .   g - +0 pair of gloves
MR       ++...                  Y - +2 pair of boots
Stlth    +.........             S - amulet of magic regeneration
HPRegen  0.26/turn              M - +4 ring of slaying
MPRegen  0.46/turn              c - +4 ring of protection

@: corroded, slow
A: +LOS, swims, iridescent scales 1, frail 1, slowness 1, strong legs 2
a: Hop, Renounce Religion


You were on level 2 of the Orcish Mines.
You worshipped Vehumet.
Vehumet was extremely pleased with you.
You were not hungry.

You visited 6 branches of the dungeon, and saw 23 of its levels.
You also visited: Bailey.

You collected 1631 gold pieces.
You spent 1170 gold pieces at shops.

Inventory:

Hand Weapons
 e - a +0 long sword of electrocution
 h - the +10 zealot's sword {holy, *Rage rN+ EV+3}
   (You found it on level 7 of the Dungeon)

   It has been blessed by the Shining One to cause great damage to the undead
   and demons.
   It affects your evasion (+3).
   It protects you from negative energy.
   It may make you go berserk in combat.
 l - the +6 lajatang of Division {vorpal, rPois SInv}
   (You found it on level 10 of the Dungeon)

   It inflicts extra damage upon your enemies.
   It protects you from poison.
   It lets you see invisible.
 s - the +6 dagger "Uckoel" {vorpal, +Fly rElec rPois Int-3}
   (You found it on level 10 of the Dungeon)

   It inflicts extra damage upon your enemies.
   It affects your intelligence (-3).
   It insulates you from electricity.
   It protects you from poison.
   It lets you fly.
 z - a +4 falchion of freezing (weapon)
 K - the +1 war axe of Calculation {vamp, rC+ Str+5 Int+4}
   (You found it on level 12 of the Dungeon)

   It inflicts no extra harm, but heals its wielder when it wounds a living foe.
   It affects your strength (+5).
   It affects your intelligence (+4).
   It protects you from cold.
 W - a +0 spear of flaming
Missiles
 j - 20 poisoned darts (quivered)
 r - 53 boomerangs
 w - 20 javelins
Armour
 g - a +0 pair of gloves (worn)
 p - a +2 leather armour of fire resistance (worn)
 x - a +0 helmet (worn)
 y - the +9 crystal plate armour "Vupieqysch" {rN+ Slay+5}
   (You took it off an orc warrior in a bailey)

   It affects your accuracy and damage with ranged weapons and melee attacks
   (+5).
   It protects you from negative energy.
 O - a +2 cloak of magic resistance (worn)
 Q - a scarf of invisibility
 Y - a +2 pair of boots (worn)
Jewellery
 c - a +4 ring of protection (right hand)
 M - a +4 ring of slaying (left hand)
 S - an amulet of magic regeneration (around neck)
 T - an uncursed ring of wizardry
Wands
 a - a wand of disintegration (9)
 q - a wand of paralysis (5)
 E - a wand of digging (10)
 H - a wand of acid (40)
 J - a wand of iceblast (25)
 L - a wand of flame (60)
 Z - a wand of clouds (5)
Scrolls
 d - 5 scrolls of blinking
 i - 4 scrolls of enchant weapon
 m - 2 scrolls of fear
 t - 2 scrolls of magic mapping
 v - 5 scrolls of fog
 A - 2 scrolls of vulnerability
 C - 9 scrolls of teleportation
 F - 2 scrolls of acquirement
 I - 2 scrolls of identify
 X - 2 scrolls of remove curse
Potions
 b - a potion of cancellation
 k - a potion of curing
 o - 3 potions of magic
 u - 3 potions of ambrosia
 B - 3 potions of stabbing
 D - 5 potions of haste
 G - 2 potions of lignification
 N - 5 potions of brilliance
 P - a potion of berserk rage
 R - 5 potions of flight
 V - 2 potions of might
Miscellaneous
 U - a tin of tremorstones (3/3)
Comestibles
 f - 27 rations


   Skills:
 - Level 10.1 Fighting
 - Level 0.1(8.5) Short Blades
 - Level 14.1 Long Blades
 - Level 1.0 Throwing
 + Level 5.8 Armour
 + Level 9.3 Dodging
 * Level 11.9 Spellcasting
 * Level 6.4 Conjurations
   Level 5.8 Hexes
 - Level 5.1 Charms
 + Level 7.5 Necromancy
 + Level 5.1 Translocations
   Level 1.6 Transmutations
 + Level 4.3 Fire Magic
 * Level 7.0 Air Magic
 + Level 3.7 Poison Magic
 - Level 0.1 Evocations


You had 5 spell levels left.
You knew the following spells:

 Your Spells              Type           Power        Failure   Level  Hunger
a - Conjure Ball Lightni  Conj/Air       ####......   22%         6    ######.
b - Blink                 Tloc           N/A          1%          2    None
c - Mephitic Cloud        Conj/Pois/Air  ####....     1%          3    None
d - Vampiric Draining     Necr           ####......   1%          3    None
e - Lightning Bolt        Conj/Air       ####......   4%          5    #####..
f - Conjure Flame         Conj/Fire      ####....     1%          3    None
g - Shroud of Golubria    Chrm/Tloc      ####..       1%          2    None
r - Fireball              Conj/Fire      ####......   8%          5    #####..
v - Poisonous Vapours     Pois/Air       ####..       1%          2    None

Your spell library contained the following spells:

 Spells                   Type           Power        Failure   Level  Hunger
 Animate Skeleton         Necr           N/A          1%          1    None
 Corona                   Hex            ####...      1%          1    None
 Pain                     Necr           ####         1%          1    None
 Slow                     Hex            ####....     1%          2    None
 Dazzling Flash           Conj/Hex       ####..       1%          3    None
 Inner Flame              Hex/Fire       ####....     1%          3    None
 Confusing Touch          Hex            ####....     2%          3    None
 Portal Projectile        Hex/Tloc       ####..       2%          3    None
 Tukima's Dance           Hex            ####....     2%          3    None
 Gell's Gravitas          Tloc           ####......   3%          3    None
 Lesser Beckoning         Tloc           ####......   3%          3    None
 Teleport Other           Tloc           ####....     3%          3    None
 Ensorcelled Hibernation  Hex/Ice        ###...       4%          2    None
 Animate Dead             Necr           N/A          4%          4    ##.....
 Dispel Undead            Necr           ####....     4%          4    ##.....
 Iskenderun's Battlesphe  Conj/Chrm      ####....     7%          5    #####..
 Cause Fear               Hex            ####......   9%          4    ##.....
 Recall                   Summ/Tloc      N/A          10%         3    None
 Passage of Golubria      Tloc           N/A          11%         4    ##.....
 Agony                    Necr           ####....     12%         5    #####..
 Bolt of Magma            Conj/Fire/Erth ###.......   16%         5    #####..
 Excruciating Wounds      Chrm/Necr      ####......   19%         5    #####..
 Leda's Liquefaction      Hex/Erth       ###.......   28%         4    ##.....
 Summon Mana Viper        Hex/Summ       ###.....     61%         5    #####..
 Summon Forest            Summ/Tloc      ###.......   65%         5    #####..
 Aura of Abjuration       Summ           #.........   95%         5    #####..
 Summon Demon             Summ           #.........   95%         5    #####..
 Freezing Cloud           Conj/Ice/Air   ###.......   45%         6    ######.
 Iron Shot                Conj/Erth      ###.......   65%         6    ######.
 Orb of Destruction       Conj           ####......   77%         7    #######
 Simulacrum               Ice/Necr       ###.......   96%         6    ######.
 Spellforged Servitor     Conj/Summ      ###.......   99%         7    #######
 Shadow Creatures         Summ           N/A          100%        6    ######.
 Ring of Flames           Chrm/Fire      ###.......   100%        7    #######


Dungeon Overview and Level Annotations

Branches:
Dungeon (14/15)            Temple (1/1) D:5            Lair (4/6) D:8
  Swamp (1/4) Lair:3       Spider (1/4) Lair:2          Orc (2/2) D:11
    Elf (0/3) Orc:2        Vaults (0/5) D:14         Bailey (visited)

Altars:
Ashenzari
Cheibriados
Dithmenos
Elyvilon
Fedhas
Gozag
Hepliaklqana
Kikubaaqudgha
Makhleb
Nemelex Xobeh
Okawaru
Qazlal
Ru
Sif Muna
Trog
Uskayaw
Vehumet
Wu Jian
Xom
Yredelemnul
Zin
The Shining One
Beogh
Jiyva

Shops:
D:14 =}


Innate Abilities, Weirdness & Mutations

You can be seen from farther away. (+LOS)
You can swim through water.
You cover ground slowly.
You can hop long distances.
You are partially covered in iridescent scales. (AC +2)
You are frail. (-10% HP)


Message History

The orc wizard gestures wildly while chanting.
The orc wizard blinks!
The orc priest calls upon Beogh to heal the orc warrior.
The orc warrior is healed somewhat.
There is a stone staircase leading up, spattered with blood here.
You feel much better. The sixfirhy closely misses you.
The orc priest begins to cast a cantrip, but forgets the words!
The sixfirhy hits you!
* * * LOW HITPOINT WARNING * * *
The sixfirhy shocks you!
* * * LOW HITPOINT WARNING * * *
The sixfirhy barely misses you. The sixfirhy misses you.
The sixfirhy completely misses you.
You riposte.
You closely miss the sixfirhy. The orange demon stings you from afar.
* * * LOW HITPOINT WARNING * * *
The orc high priest hits you but does no damage.
The orc warrior hits you but does no damage.
The orc priest invokes the aid of Beogh against you.
Beogh smites you!
You die...

##.........$...##
####...o...........#
........o.........##
......3.oo.........
.......ooo.##
≈....§o..4..#
≈≈.....o4o4.#
≈≈.#...33oo.# ≈
##..o@o.#......
##......#.....
##........#..
#.....#$## .
##...#### #...#
..... .....# #.....


You could see 3 orc high priests, an orange demon (summoned), a rust devil
(summoned), 2 sixfirhies, a neqoxec (summoned), a chaos spawn (summoned), 2 orc
warriors, 5 orc priests and 4 orc wizards.

Vanquished Creatures
  A yaktaur captain (D:12)
  3 vault guards (D:14)
  2 hydras
  3 centaur warriors (D:13)
  7 two-headed ogres
  An ogre mage (D:10)
  Urug (Lair:3)
  2 unseen horrors
  A wizard (D:12)
  4 lindwurms (D:11)
  An orc knight (Bailey)
  A shining eye (shapeshifter) (D:14)
  A wolf spider zombie (D:14)
  13 ugly things
  3 deep elf magi
  2 manticores
  2 cyclopes
  An elephant (Lair:3)
  Joseph (D:7)
  Maurice (D:8)
  2 black mambas
  6 spiny frogs
  A rime drake (Lair:4)
  3 komodo dragons
  5 trolls
  A polar bear (D:12)
  A harpy zombie (D:13)
  Grinder (D:4)
  7 hippogriffs
  3 bog bodies (Lair:3)
  5 dream sheep (Lair:4)
  20 blink frogs
  6 slime creatures
  A meliai zombie (D:13)
  A centaur simulacrum (D:12)
  2 water elementals (D:14)
  2 shadows
  33 yaks
  A vampire (D:12)
  3 basilisks
  7 humans
  4 wyverns
  2 hungry ghosts
  A warg (Orc:1)
  A soldier ant (D:13)
  12 porcupines
  8 water moccasins
  5 black bears
  5 ice beasts
  18 orc warriors
  5 sky beasts
  6 ogres
  2 phantoms
  4 wolves
  8 centaurs
  5 crocodiles
  19 bullfrogs
  A gnoll sergeant (D:10)
  6 scorpions
  10 killer bees
  24 wights
  A vampire bat (D:3)
  7 howler monkeys
  4 electric eels
  4 crimson imps
  A bullfrog zombie (D:12)
  2 centaur zombies
  2 quasits
  18 orc priests
  7 jellies
  4 hounds
  15 orc wizards
  5 bullfrog skeletons
  3 centaur skeletons
  7 iguanas
  8 worker ants
  A killer bee zombie (D:6)
  A bullfrog simulacrum (D:12)
  A worker ant zombie (D:5)
  18 gnolls
  20 adders
  A shadow imp (D:7)
  2 white imps (D:12)
  7 oozes
  2 adder skeletons
  2 adder zombies
  3 worms
  2 dart slugs
  4 leopard geckos
  62 orcs
  14 bats
  4 giant cockroaches
  11 goblins
  20 hobgoblins
  10 jackals
  4 quokkas
  A ball python (D:5)
  7 frilled lizards
  A giant cockroach zombie (D:6)
  19 kobolds
  A leopard gecko skeleton (D:4)
  9 rats
  A spectral orc (D:2)
624 creatures vanquished.

Vanquished Creatures (others)
  A vault guard (D:14)
  A human (D:14)
  A dancing weapon (D:13)
  An orc wizard (Orc:2)
  An orc (D:14)
  6 fungi (Lair:4)
  7 plants
18 creatures vanquished.

Grand Total: 642 creatures vanquished

Notes
Turn   | Place    | Note
-------+----------+-------------------------------------------
     0 | D:1      | Esekla the Barachi Warper began the quest for the Orb.
     0 | D:1      | Reached XP level 1. HP: 17/17 MP: 3/3
   314 | D:2      | Found a glowing golden altar of the Shining One.
   342 | D:2      | Found a shadowy altar of Dithmenos.
   398 | D:2      | Reached XP level 2. HP: 14/23 MP: 5/5
   543 | D:2      | Reached skill level 3 in Long Blades
   886 | D:2      | Reached XP level 3. HP: 25/28 MP: 6/6
   897 | D:2      | Learned a level 2 spell: Shroud of Golubria
   900 | D:2      | Learned a level 2 spell: Blink
   951 | D:3      | Found an opulent altar of Gozag.
  1241 | D:3      | Reached skill level 4 in Long Blades
  1241 | D:3      | Reached XP level 4. HP: 33/35 MP: 2/7
  1737 | D:4      | Noticed Grinder
  1797 | D:3      | Reached XP level 5. HP: 41/41 MP: 9/9
  1953 | D:5      | Entered Level 5 of the Dungeon
  1994 | D:5      | Reached skill level 5 in Long Blades
  2280 | D:5      | Reached skill level 1 in Charms
  2283 | D:5      | Reached XP level 6. HP: 9/48 MP: 10/10
  3236 | D:5      | Reached skill level 6 in Long Blades
  4086 | D:4      | Reached XP level 7. HP: 51/54 MP: 11/11
  4296 | D:5      | Found a staircase to the Ecumenical Temple.
  4303 | Temple   | Entered the Ecumenical Temple
  4414 | Temple   | Became a worshipper of Vehumet
  4833 | D:2      | Found a basalt altar of Yredelemnul.
  5970 | D:3      | Found an iron altar of Okawaru.
  6038 | D:3      | Reached skill level 7 in Long Blades
  6164 | D:3      | Reached * piety under Vehumet
  6164 | D:3      | Offered knowledge of Foxfire by Vehumet.
  7123 | D:6      | Found a sacrificial altar of Ru.
  7144 | D:6      | Reached skill level 5 in Fighting
  7144 | D:6      | Reached XP level 8. HP: 59/62 MP: 9/12
  7294 | D:6      | Reached skill level 8 in Long Blades
  7576 | D:6      | Reached ** piety under Vehumet
  7639 | D:6      | Offered knowledge of Sandblast by Vehumet.
  8163 | D:7      | Reached skill level 9 in Long Blades
  8388 | D:7      | Noticed Joseph
  8840 | D:4      | Killed Grinder
  8840 | D:4      | Reached XP level 9. HP: 51/69 MP: 14/14
  8935 | D:7      | Found an iron altar of Okawaru.
  9613 | D:7      | Found the +10 zealot's sword {holy, *Rage rN+ EV+3}
  9874 | D:7      | Killed Joseph
  9874 | D:7      | Reached skill level 10 in Long Blades
 10109 | D:7      | Found a hide-covered altar of Uskayaw.
 10110 | D:7      | Noticed a +0 hand axe
 10110 | D:7      | Noticed a +0 hand axe
 10135 | D:7      | Found an ancient bone altar of Kikubaaqudgha.
 10152 | D:7      | Reached skill level 5 in Dodging
 10284 | D:8      | Offered knowledge of Conjure Flame by Vehumet.
 10291 | D:8      | Learned a level 3 spell: Conjure Flame
 10477 | D:8      | Reached skill level 1 in Conjurations
 10520 | D:8      | Found a staircase to the Lair.
 10613 | Lair:1   | Entered Level 1 of the Lair of Beasts
 10645 | D:8      | Reached skill level 1 in Fire Magic
 10678 | D:8      | Reached *** piety under Vehumet
 10863 | D:8      | Reached XP level 10. HP: 56/77 MP: 16/16
 10869 | D:8      | Offered knowledge of Inner Flame by Vehumet.
 10969 | D:8      | Noticed Maurice
 10980 | D:8      | Killed Maurice
 10980 | D:8      | Reached skill level 11 in Long Blades
 11079 | D:8      | Reached skill level 5 in Spellcasting
 11142 | D:8      | Found a hazy altar of Hepliaklqana.
 11154 | D:8      | Found a stormy altar of Qazlal.
 11410 | D:9      | Found a shattered altar of Ashenzari.
 11538 | D:9      | Reached **** piety under Vehumet
 11575 | D:8      | Learned a level 1 spell: Corona
 11636 | D:8      | Learned a level 3 spell: Tukima's Dance
 12004 | D:10     | Entered Level 10 of the Dungeon
 12079 | D:10     | Offered knowledge of Yara's Violent Unravelling by Vehumet.
 12203 | D:10     | Reached skill level 1 in Hexes
 12212 | D:10     | Learned a level 5 spell: Yara's Violent Unravelling
 12229 | D:10     | Reached skill level 12 in Long Blades
 12232 | D:10     | Noticed a two-headed ogre
 12244 | D:10     | Killed a two-headed ogre
 12244 | D:10     | Reached XP level 11. HP: 86/86 MP: 19/19
 12337 | D:10     | Noticed a two-headed ogre
 12351 | D:10     | Killed a two-headed ogre
 12554 | D:10     | Noticed a two-headed ogre
 12750 | D:10     | Identified the cursed +1 flail "Yzomieg" {freeze, MR-
                  | Str+8}
 12750 | D:10     | Noticed an ogre mage
 12752 | D:10     | Noticed a manticore
 12757 | D:10     | Noticed a brown ugly thing
 12760 | D:10     | Killed an ogre mage
 12767 | D:10     | Killed a manticore
 12775 | D:10     | Killed a brown ugly thing
 12783 | D:10     | Reached skill level 13 in Long Blades
 12809 | D:10     | Noticed an unseen horror
 12814 | D:10     | Killed an unseen horror
 12892 | D:10     | Got a crude rapier
 12895 | D:10     | Got a masterwork hand axe
 12897 | D:10     | Got a steaming dagger
 12903 | D:10     | Got an ebony lajatang
 12905 | D:10     | Got an encrusted dire flail
 12934 | D:9      | Identified the +6 dagger "Uckoel" {vorpal, +Fly rElec rPois
                  | Int-3} (You found it on level 10 of the Dungeon)
 12935 | D:9      | Identified the cursed +2 hand axe of Doom {pain, +Rage
                  | Str+6} (You found it on level 10 of the Dungeon)
 13051 | D:10     | Noticed a deep elf mage
 13054 | D:10     | Killed a deep elf mage
 13138 | D:10     | Killed a two-headed ogre
 13144 | D:10     | Reached skill level 1 in Transmutations
 13690 | D:11     | Reached skill level 5 in Conjurations
 13723 | D:11     | Learned a level 3 spell: Vampiric Draining
 13869 | D:11     | Reached XP level 12. HP: 92/94 MP: 19/21
 13907 | D:11     | Reached ***** piety under Vehumet
 13985 | D:11     | Offered knowledge of Lightning Bolt by Vehumet.
 14021 | D:11     | Learned a level 5 spell: Lightning Bolt
 14230 | D:11     | Found a staircase to the Orcish Mines.
 14265 | D:11     | Found a roughly hewn altar of Beogh.
 14329 | D:11     | Identified the +1 rapier "Meuklo" {vorpal, +Rage rC+ Int+5}
                  | (You found it on level 10 of the Dungeon)
 14443 | D:11     | Identified the +6 lajatang of Division {vorpal, rPois SInv}
                  | (You found it on level 10 of the Dungeon)
 14464 | D:11     | Identified the +6 dire flail of Dimu {vorpal, rElec Stlth+}
                  | (You found it on level 10 of the Dungeon)
 14506 | D:11     | Noticed a two-headed ogre
 14518 | D:11     | Killed a two-headed ogre
 14774 | D:12     | Reached skill level 1 in Necromancy
 14824 | D:12     | Gained mutation: You evolve. [potion of mutation]
 14824 | D:12     | Gained mutation: You are partially covered in iridescent
                  | scales. (AC +2) [potion of mutation]
 14886 | D:12     | Got an encrusted war axe
 15029 | D:12     | Reached skill level 1 in Air Magic
 15107 | D:12     | Reached skill level 5 in Armour
 15246 | D:12     | Noticed a yaktaur captain
 15256 | D:12     | Killed a yaktaur captain
 15884 | D:12     | Reached skill level 5 in Hexes
 15963 | D:13     | Noticed a centaur warrior
 16065 | D:13     | Noticed a centaur warrior
 16068 | D:13     | Killed a centaur warrior
 16084 | D:13     | Killed a centaur warrior
 16084 | D:13     | Reached skill level 14 in Long Blades
 16084 | D:13     | Reached skill level 5 in Charms
 16237 | D:13     | Noticed a two-headed ogre
 16254 | D:13     | Killed a two-headed ogre
 16531 | D:13     | Gained mutation: You can hop long distances. [Barachi
                  | growth]
 16531 | D:13     | Reached XP level 13. HP: 72/101 MP: 24/24
 16768 | D:13     | Lost mutation: You evolve. [end of evolution]
 16970 | D:13     | Got a heavily runed leather armour
 17078 | D:14     | Found Mopozol's Gadget Boutique.
 17785 | D:13     | Reached skill level 10 in Fighting
 18109 | D:14     | Gained mutation: You are frail. (-10% HP) [a shining eye]
 18127 | D:14     | Found Ifosok's Jewellery Emporium.
 18476 | D:13     | Offered knowledge of Fireball by Vehumet.
 18968 | D:13     | Learned a level 5 spell: Fireball
 19224 | D:13     | Reached skill level 5 in Necromancy
 19226 | D:13     | Reached skill level 5 in Translocations
 19240 | D:13     | Learned a level 2 spell: Poisonous Vapours
 19244 | D:13     | Learned a level 3 spell: Mephitic Cloud
 19741 | D:13     | Reached skill level 1 in Poison Magic
 19807 | D:14     | Noticed a vault guard
 20536 | Lair:1   | Reached skill level 5 in Air Magic
 21211 | Lair:1   | Reached skill level 10 in Spellcasting
 21443 | Lair:1   | Reached XP level 14. HP: 99/99 MP: 24/28
 21625 | Lair:2   | Found a hole to the Spider Nest.
 21631 | Lair:2   | Identified a scroll of acquirement
 21669 | Spider:1 | Entered Level 1 of the Spider Nest
 22168 | Lair:2   | Identified the +0 leather armour of Dithmenos's Reproof
                  | {rF+} (You found it on level 13 of the Dungeon)
 22441 | Lair:3   | Noticed Urug
 22463 | Lair:3   | Killed Urug
 22698 | Lair:3   | Found a staircase to the Swamp.
 22724 | Swamp:1  | Entered Level 1 of the Swamp
 23655 | Lair:3   | Found a basalt altar of Yredelemnul.
 24107 | Lair:3   | Offered knowledge of Conjure Ball Lightning by Vehumet.
 24194 | Lair:3   | Learned a level 6 spell: Conjure Ball Lightning
 25820 | D:14     | Bought a +4 ring of slaying for 1170 gold pieces
 25845 | D:14     | Identified the +1 war axe of Calculation {vamp, rC+ Str+5
                  | Int+4} (You found it on level 12 of the Dungeon)
 26116 | D:14     | Found a gate to the Vaults.
 26346 | D:11     | Identified the Papyrus of Black Magic and Ignition
 26649 | Orc:1    | Entered Level 1 of the Orcish Mines
 26738 | Orc:1    | Found a flagged portal.
 26766 | Bailey   | Entered a bailey
 26894 | Bailey   | Identified the +9 crystal plate armour "Vupieqysch" {rN+
                  | Slay+5}
 27834 | Orc:2    | Entered Level 2 of the Orcish Mines
 27835 | Orc:2    | Found a staircase to the Elven Halls.
 28173 | Orc:2    | HP: 1/99 [orange demon[an orc high priest] (4)]
 28173 | Orc:2    | Killed from afar by an orc priest

Illustrated notes

Levels and vault maps discovered:
D:1:      dpeg_arrival_houses_and_road, layout_loops_corners, serial_glass,
          glass_columns_c, glass_columns_a
D:2:      layout_basic, yredelemnul_forgotten_temple_becter,
          overflow_temple_1_default, lemuel_round_altar, kennysheep_small_spiral
D:3:      minmay_razor_zed, layout_basic, lemuel_round_altar, okawaru_trees_2,
          first_ration, roderic_batcave
D:4:      layout_gridville, uniq_grinder
D:5:      minmay_angry_zag, layout_basic, minmay_temple_entry_purple_smoke,
          kennysheep_cluttered_room
D:6:      layout_rooms, lemuel_crystal_altar
D:7:      layout_rooms, nicolae_overflow_crystal_walls, dancing_weapons_uskayaw,
          basic_altar, uniq_joseph
D:8:      minmay_bubble_buster, layout_basic, kennysheep_little_box,
          grunt_qazlal_sundering, lair_entry_dummy, uniq_maurice
D:9:      layout_cross, overflow_temple_1_default
D:10:     minmay_the_grid_square_5x5_3x3 [minmay_the_grid_square_5x5_tri_point,
          minmay_the_grid_square_5x5_shrine2,
          minmay_the_grid_square_5x5_minivault,
          minmay_the_grid_square_5x5_spiral_small,
          minmay_the_grid_square_5x5_megaprize_checkered,
          minmay_the_grid_square_5x5_c, minmay_the_grid_square_5x5_gyroscope,
          minmay_the_grid_square_5x5_bracketed,
          minmay_the_grid_square_5x5_half_checkered], layout_basic,
          hangedman_little_slice_of_home
D:11:     layout_roguey, minmay_orc_entry_temple_small, minmay_lindwurm_lava
D:12:     layout_stronghold, serial_ice, serial_ice_k, serial_ice_c,
          serial_ice_m, serial_ice_a, minmay_three_doors
D:13:     layout_basic, dk_noncrumbling_4, st_stairs_12
D:14:     layout_cave_pools, ximxim_vaults_locker_room,
          chequers_serial_rivers_micro_e, serial_shops, shop,
          minmay_shop_enchanted_jewellery, chequers_big_river
Temple:   pf_slime_end_temple
Lair:1:   layout_regular_city, serial_bayou_shore_a,
          infiniplex_staircase_pool_2, grunt_megastairs_2
Lair:2:   layout_roguey, spider_nest_entry_web_field, st_stairs_7
Lair:3:   layout_regular_city, nicolae_swamp_entry_splash_gauntlet, basic_altar,
          st_stairs_5, minmay_stone_trees_large, nicolae_quartered_pool_super,
          uniq_urug
Lair:4:   layout_loops_ring
Swamp:1:  layout_falls_marsh, evilmike_swamp_ruin_wall
Spider:1: layout_spider_delve, gammafunk_ghost_grave
Orc:1:    layout_caves, enter_bailey_3
Orc:2:    st_orc_mages, layout_caves, serial_shops, nicolae_shop_waterfront,
          hangedman_minor_magic, uniq_snorg

Skill      XL: |  1  2  3  4  5  6  7  8  9 10 11 12 13 14 |
---------------+-------------------------------------------+-----
Long Blades    | 3 4 5 6 7 9 10 12 13 14 | 14.1
Fighting       | 3 4 5 6 7 8 9 10 | 10.1
Charms         | 1 2 3 4 5 |  5.1
Armour         | 2 3 4 5 |  5.8
Dodging        | 3 4 5 6 7 8 9 |  9.3
Spellcasting   | 3 4 5 6 7 10 11 | 11.9
Translocations | 4 5 |  5.1
Conjurations   | 2 3 5 6 |  6.4
Fire Magic     | 2 3 4 |  4.3
Hexes          | 1 3 5 |  5.8
Transmutations | 1 |  1.6
Necromancy     | 2 6 7 |  7.5
Air Magic      | 3 5 7 |  7.0
Poison Magic   | 2 3 |  3.7
Short Blades   | |  0.1
Throwing       | |  1.0
Evocations     | |  0.1

Action                   |  1- 3 |  4- 6 |  7- 9 | 10-12 | 13-15 || total
-------------------------+-------+-------+-------+-------+-------++-------
Melee: Falchion          |   121 |   200 |   516 |       |   516 ||  1353
       Short sword       |       |     1 |       |       |       ||     1
       Eudemon blade     |       |       |    69 |   440 |    95 ||   604
       Spear             |       |       |       |    22 |       ||    22
       Dagger            |       |       |       |    10 |    37 ||    47
       Long sword        |       |       |       |    32 |   150 ||   182
Throw: Dart              |       |       |    19 |    16 |     2 ||    37
       Boomerang         |       |       |    20 |    24 |    22 ||    66
 Cast: Shroud of Golubri |     1 |    10 |    34 |    25 |    26 ||    96
       Blink             |       |     2 |       |       |       ||     2
       Conjure Flame     |       |       |     1 |     4 |     4 ||     9
       Tukima's Dance    |       |       |       |    10 |     4 ||    14
       Corona            |       |       |       |     3 |       ||     3
       Vampiric Draining |       |       |       |     8 |   177 ||   185
       Lightning Bolt    |       |       |       |     3 |    24 ||    27
       Poisonous Vapours |       |       |       |       |    57 ||    57
       Fireball          |       |       |       |       |     7 ||     7
       Mephitic Cloud    |       |       |       |       |     4 ||     4
 Abil: Hop               |       |     4 |     1 |     1 |     6 ||    12
Evoke: Wand              |       |       |       |     1 |     2 ||     3
       Tin of tremorston |       |       |       |       |     2 ||     2
  Use: Potion            |       |     2 |     8 |     7 |     6 ||    23
       Scroll            |       |     2 |     4 |    11 |    10 ||    27
 Stab: Sleeping          |     1 |     5 |     4 |     4 |       ||    14
       Distracted        |     1 |       |       |     1 |       ||     2
       Confused          |       |       |       |       |     4 ||     4
  Eat: Chunk             |     1 |     6 |    20 |    23 |    25 ||    75
       Ration            |       |     2 |     2 |       |     7 ||    11
Armor: Leather armour    |    46 |    63 |   289 |   124 |   295 ||   817
       Skin              |       |       |       |    29 |       ||    29
Dodge: Dodged            |    79 |   104 |   450 |   311 |   743 ||  1687
       Rpst.: Falchion   |    35 |    35 |   132 |       |   133 ||   335
       Eudemon blade     |       |       |    19 |    63 |    20 ||   102
       Long sword        |       |       |       |     6 |    36 ||    42
